 Dungeon Crawl Stone Soup version 0.25.1-2-g60ff931df9 (webtiles) character file.

Game seed: 15400474006504247984

224032 DerDa the Earth Mage (level 19, -3/112 HPs)
             Began as a Gargoyle Earth Elementalist on Aug 16, 2020.
             Was a High Priest of Sif Muna.
             Slain by an alligator snapping turtle (36 damage)
             ... on level 4 of the Shoals.
             The game lasted 02:31:29 (41608 turns).

DerDa the Earth Mage (Gargoyle Earth Elementalist) Turns: 41608, Time: 02:31:29

Health: -3/112     AC: 25    Str: 18    XL:     19   Next: 28%
Magic:  44/47      EV: 20    Int: 45    God:    Sif Muna [*****.]
Gold:   1367       SH:  8    Dex: 20    Spells: 2/48 levels left

rFire    + + .     SeeInvis .   M - +3 long sword "Asaed" {vorpal, Str+7 Int+8}
rCold    + + .     Gourm    .   v - +2 buckler {rF+}
rNeg     + . .     Faith    +   F - +2 robe {rC+ rF+}
rPois    ∞         Spirit   .   (helmet restricted)
rElec    +         Reflect  .   c - +2 cloak {rC+}
rCorr    .         Harm     .   u - +2 pair of gloves
MR       +....                  T - +0 pair of boots
Stlth    ++........             Z - amulet "Sebbofupp" {Faith *Slow MP+9 Int+6 Dex+2}
HPRegen  0.28/turn              s - +6 ring of intelligence
MPRegen  0.30/turn              S - +6 ring of dexterity

@: studying Ice Magic, very slow
A: big wings, horns 1, thin skeletal structure 1, clever 1, negative energy
resistance 1, electricity resistance, weak 1, unbreathing, petrification
resistance, rot immunity, AC +14
}: 1/15 runes: serpentine
a: Fly, Channel Magic, Forget Spell, Divine Exegesis, Renounce Religion


You were on level 4 of the Shoals.
You worshipped Sif Muna.
Sif Muna was extremely pleased with you.
You were hungry.

You visited 6 branches of the dungeon, and saw 32 of its levels.
You also visited: Ossuary and Ice Cave.

You collected 3532 gold pieces.
You spent 2165 gold pieces at shops.

Inventory:

Hand Weapons
 x - the +11 war axe of the Jumping Augurer {chaos, *Contam +Blink rF+ rC++}
   (You subdued it on level 1 of the Snake Pit)

   Each time it hits an enemy it has a different, random effect.
   It protects you from fire.
   It greatly protects you from cold.
   It lets you blink.
   It causes magical contamination when unequipped.
 D - the +8 rapier "Topsosea" {speed, rF+ rC+}
   (You found it on level 15 of the Dungeon)

   Attacks with this weapon are significantly faster.
   It protects you from fire.
   It protects you from cold.
 M - the +3 long sword "Asaed" (weapon) {vorpal, Str+7 Int+8}
   (You found it on level 12 of the Dungeon)

   It inflicts extra damage upon your enemies.
   It affects your strength (+7).
   It affects your intelligence (+8).
Missiles
 b - 247 stones (quivered)
Armour
 c - a +2 cloak of cold resistance (worn)
 n - a +0 troll leather armour
 u - a +2 pair of gloves (worn)
 v - a +2 buckler of fire resistance (worn)
 F - a +2 robe of resistance (worn)
 T - a +0 pair of boots (worn)
Jewellery
 s - a +6 ring of intelligence (left hand)
 z - an uncursed ring of fire
 J - an uncursed ring of resist corrosion
 S - a +6 ring of dexterity (right hand)
 Y - an uncursed ring of ice
 Z - the amulet "Sebbofupp" (around neck) {Faith *Slow MP+9 Int+6 Dex+2}
   (You acquired it on level 2 of the Orcish Mines)

   [amulet of faith]

   It allows you to gain divine favour quickly.
   It affects your intelligence (+6).
   It affects your dexterity (+2).
   It affects your magic capacity (+9).
   It may slow you when you take damage.
Wands
 m - a wand of paralysis (16)
 q - a wand of iceblast (39)
 t - a wand of enslavement (4)
 K - a wand of polymorph (18)
 Q - a wand of disintegration (15)
Scrolls
 d - 2 scrolls of holy word
 g - 5 scrolls of vulnerability
 h - 9 scrolls of fear
 i - 3 scrolls of fog
 j - 3 scrolls of magic mapping
 k - 10 scrolls of teleportation
 r - 3 scrolls of enchant weapon
 y - 11 scrolls of remove curse
 A - 9 scrolls of immolation
 C - 3 scrolls of blinking
 E - 4 scrolls of summoning
 H - 7 scrolls of identify
 O - a scroll of enchant armour
Potions
 a - 6 potions of lignification
 f - a potion of resistance
 l - 15 potions of curing
 o - 6 potions of heal wounds
 p - 3 potions of mutation
 L - 4 potions of haste
 N - 3 potions of invisibility
 P - 4 potions of brilliance
 U - a potion of cancellation
 V - a potion of might
 W - 4 potions of magic
Books
 e - a manual of Ice Magic
Miscellaneous
 w - a phial of floods
 I - a lightning rod (4/4)
 R - 2 phantom mirrors
Comestibles
 B - 4 chunks of flesh
 G - 51 rations


   Skills:
 - Level 10.0 Fighting
 + Level 10.1 Dodging
 - Level 2.2 Stealth
 - Level 4.0 Shields
 * Level 15.4 Spellcasting
 + Level 12.2 Conjurations
 - Level 5.0 Transmutations
 * Level 14.1 Ice Magic
 * Level 19.2 Earth Magic
 + Level 12.7 Invocations


You had 2 spell levels left.
You knew the following spells:

 Your Spells              Type           Power        Failure   Level  Hunger
a - Sandblast             Erth           ######       0%          1    None
b - Stone Arrow           Conj/Erth      ######       0%          3    None
c - Petrify               Tmut/Erth      #######.     1%          4    None
d - Lee's Rapid Deconstr  Erth           ########..   0%          5    None
e - Iron Shot             Conj/Erth      ########..   1%          6    None
f - Irradiate             Conj/Tmut      #######...   1%          5    None
g - Borgnjor's Vile Clut  Necr/Erth      #######...   1%          5    None
h - Ozocubu's Refrigerat  Ice            ########..   1%          6    None
i - Shatter               Erth           ########..   26%         9    ######.
w - Passwall              Tmut/Erth      #######.     0%          2    None

Your spell library contained the following spells:

 Spells                   Type           Power        Failure   Level  Hunger
 Magic Dart               Conj           ####         0%          1    None
 Animate Skeleton         Necr           N/A          1%          1    None
 Apportation              Tloc           ####..       1%          1    None
 Beastly Appendage        Tmut           ######       1%          1    None
 Corona                   Hex            ####...      1%          1    None
 Foxfire                  Conj/Fire      ####         1%          1    None
 Shock                    Conj/Air       ####         1%          1    None
 Sting                    Tmut/Pois      ####         1%          1    None
 Summon Small Mammal      Summ           ####         1%          1    None
 Blink                    Tloc           N/A          1%          2    None
 Call Imp                 Summ           ####....     1%          2    None
 Poisonous Vapours        Pois/Air       ####..       1%          2    None
 Shroud of Golubria       Chrm/Tloc      ####..       1%          2    None
 Slow                     Hex            ####....     1%          2    None
 Sticks to Snakes         Tmut           ######..     1%          2    None
 Swiftness                Chrm/Air       ####....     1%          2    None
 Conjure Flame            Conj/Fire      ######..     1%          3    None
 Dazzling Flash           Conj/Hex       ######       1%          3    None
 Ignite Poison            Fire/Tmut/Pois #####...     1%          3    None
 Mephitic Cloud           Conj/Pois/Air  ######..     1%          3    None
 Spider Form              Tmut/Pois      ######....   1%          3    None
 Static Discharge         Conj/Air       ######..     1%          3    None
 Fulminant Prism          Conj/Hex       ######....   1%          4    None
 Hailstorm                Conj/Ice       ########     1%          4    None
 Ice Form                 Ice/Tmut       #######.     1%          4    None
 Leda's Liquefaction      Hex/Erth       #######...   1%          4    None
 Sticky Flame             Conj/Fire      ######..     1%          4    None
 Bolt of Magma            Conj/Fire/Erth #######...   1%          5    None
 Fireball                 Conj/Fire      ######....   1%          5    None
 Iskenderun's Battlesphe  Conj/Chrm      ######..     1%          5    None
 Lightning Bolt           Conj/Air       ######....   1%          5    None
 Metabolic Englaciation   Hex/Ice        #######...   1%          5    None
 Call Canine Familiar     Summ           ####....     2%          3    None
 Confusing Touch          Hex            ####....     2%          3    None
 Gell's Gravitas          Tloc           ####......   2%          3    None
 Inner Flame              Hex/Fire       ####....     2%          3    None
 Lesser Beckoning         Tloc           ####......   2%          3    None
 Portal Projectile        Hex/Tloc       ####..       2%          3    None
 Recall                   Summ/Tloc      N/A          2%          3    None
 Spectral Weapon          Hex/Chrm       ####....     2%          3    None
 Tukima's Dance           Hex            ####....     2%          3    None
 Blade Hands              Tmut           ######....   2%          5    None
 Freezing Cloud           Conj/Ice/Air   #######...   3%          6    None
 Orb of Destruction       Conj           #######...   4%          7    #......
 Simulacrum               Ice/Necr       #######...   6%          6    None
 Airstrike                Air            ####......   7%          4    None
 Cause Fear               Hex            ####......   7%          4    None
 Olgreb's Toxic Radiance  Pois           ####....     7%          4    None
 Alistair's Intoxication  Tmut/Pois      ######..     7%          5    None
 Yara's Violent Unravell  Hex/Tmut       ######....   7%          5    None
 Lehudib's Crystal Spear  Conj/Erth      ########..   8%          8    ####...
 Conjure Ball Lightning   Conj/Air       ######....   9%          6    None
 Starburst                Conj/Fire      ######....   9%          6    None
 Hydra Form               Tmut           ######....   14%         6    None
 Aura of Abjuration       Summ           ####......   21%         5    None
 Excruciating Wounds      Chrm/Necr      ####......   21%         5    None
 Summon Demon             Summ           ####......   21%         5    None
 Summon Forest            Summ/Tloc      ####......   21%         5    None
 Summon Mana Viper        Hex/Summ       ####....     21%         5    None
 Eringya's Noxious Bog    Tmut/Pois      ######....   36%         6    None
 Spellforged Servitor     Conj/Summ      ######....   45%         7    #......
 Dragon Form              Tmut           ######....   61%         7    #......
 Darkness                 Hex            ####......   73%         6    None
 Death Channel            Necr           ####......   73%         6    None
 Shadow Creatures         Summ           N/A          73%         6    None
 Controlled Blink         Tloc           N/A          100%        8    ####...
 Death's Door             Chrm/Necr      ####......   100%        8    ####...
 Discord                  Hex            ####......   100%        8    ####...
 Disjunction              Tloc           ####......   100%        8    ####...
 Necromutation            Tmut/Necr      ######....   100%        8    ####...
 Summon Horrible Things   Summ           ####......   100%        8    ####...
 Statue Form              Tmut/Erth      Unusable     N/A         6    N/A

Dungeon Overview and Level Annotations

Branches:
Dungeon (15/15) Temple (1/1) D:4 Lair (6/6) D:11 Shoals (4/4) Lair:4 Snake (4/4) Lair:4 Slime (0/5) Lair:5 Orc (2/2) D:9 Elf (0/3) Orc:2 Vaults (0/5) D:12 D:13 Depths (0/5) D:15 Ossuary (visited) IceCv (visited)

Altars:
Ashenzari
Cheibriados
Dithmenos
Elyvilon
Fedhas
Gozag
Hepliaklqana
Kikubaaqudgha
Makhleb
Nemelex Xobeh
Okawaru
Qazlal
Ru
Sif Muna
Trog
Uskayaw
Vehumet
Wu Jian
Xom
Yredelemnul
Zin
The Shining One
Beogh

Shops:
D:5 ?[%   D:8 =   D:14 ?   Orc:2 (?}!}*!?   Snake:3 =[

Annotations:
D:11 2 transporters


Innate Abilities, Weirdness & Mutations

You are resistant to torment.
Your stone body is resilient. (AC +14)
You are immune to poison.
Your large and strong wings let you fly indefinitely.
You resist negative energy. (rN+)
You are resistant to electric shocks. (rElec)
You can survive without breathing.
You are immune to petrification.
You are immune to rotting.
You have a pair of small horns on your head.
You have a somewhat thin skeletal structure. (Dex +2, Stealth)
Your mind is acute. (Int +2)
You are weak. (Str -2)


Message History

Aiming: Iron Shot (mildly dangerous; 1% risk of failure)
Press: ? - help, Shift-Dir - straight line, f/p - merfolk impaler
Aim: a merfolk impaler, wielding a +0 trident and wearing a +0 leather armour (severely wounded)
The iron shot hits the merfolk impaler!!
You kill the merfolk impaler!
Sif Muna accepts your kill.
You hear a splash. x2
You feel yourself speed up.
An alligator snapping turtle comes into view.
The alligator snapping turtle hisses angrily.
The alligator snapping turtle misses you.
Things that are here:
a +0 trident; a +0 leather armour; a merfolk corpse You feel less invigorated.
The alligator snapping turtle bites you from afar!
* * * LOW HITPOINT WARNING * * *
The alligator snapping turtle misses you.
You block the alligator snapping turtle's attack.
The alligator snapping turtle bites you from afar!!!
You die...

......÷#≈≈###≈≈≈≈≈)≈≈≈≈≈≈≈
.........≈≈≈≈≈≈≈≈≈≈≈≈≈≈≈≈≈
.........≈≈≈≈....≈≈≈≈≈≈≈≈≈
.<.....≈≈≈≈≈......≈≈≈≈≈≈≈≈
.......≈≈≈≈......)..≈≈≈≈≈≈
###.#≈..≈≈≈......(....≈≈≈≈
# #####...≈......<....≈≈≈≈
# #..##.≈≈≈........≈≈≈≈≈
.≈... #.≈≈≈≈)≈@≈##≈≈##≈≈
#.#.≈ #.≈≈≈≈≈≈≈≈# ### ≈ .
.≈≈##.≈≈≈≈≈≈t##
.#..#≈..≈≈≈≈≈##
.≈...#≈..≈≈≈≈≈≈#
.##..≈≈≈)≈≈# #≈≈..≈≈≈≈≈≈#
#≈≈≈≈≈≈≈≈!## ≈≈≈≈≈≈≈≈≈≈)#


You could see an alligator snapping turtle.

Vanquished Creatures
  Saint Roka (Snake:3)
  2 krakens (Shoals:4)
  A tengu reaver (D:13)
  Donald (Shoals:3)
  Kirke (D:14)
  11 nagarajas
  Ilsuiw (Shoals:2)
  The ghost of harlaan the Thaumaturge, an adept DESu of Sif Muna (Snake:2)
  The ghost of Fashaeth the Severer, an adept VSFi of Okawaru (Lair:6)
  Aizul (Lair:4)
  A ghoul (D:14)
  Nessos (Lair:5)
  A merfolk javelineer (Shoals:2)
  Snorg (Orc:2)
  7 merfolk impalers
  A yaktaur captain (D:15)
  11 hydras
  14 naga warriors
  3 centaur warriors
  A death knight (D:12)
  14 anacondas
  An ogre mage (D:15)
  A catoblepas (Lair:6)
  4 merfolk avatars
  8 two-headed ogres
  3 merfolk aquamancers
  A dancing weapon (Snake:1)
  A deep troll shaman (Lair:6)
  12 naga sharpshooters
  8 orc high priests (Orc:2)
  6 shock serpents
  10 death yaks (Lair:6)
  Nergalle (Lair:3)
  3 salamander mystics
  6 naga ritualists
  2 unseen horrors
  15 sea snakes
  3 skeletal warriors (D:14)
  A wolf spider zombie (D:13)
  A phantasmal warrior (D:12)
  11 harpies
  3 orc knights
  7 ugly things
  5 lindwurms
  10 mana vipers
  2 fauns (Shoals:3)
  A necromancer (IceCv)
  A wolf spider (D:15)
  An orc sorcerer (Snake:3)
  4 manticores
  A deep elf mage (D:14)
  4 oklob plants (Lair:3)
  16 salamanders
  4 merfolk sirens
  6 guardian serpents
  5 cyclopes
  2 ice statues
  15 elephants
  14 naga magi
  4 water nymphs
  A torpor snail (Lair:6)
  31 black mambas
  9 spiny frogs
  13 rime drakes
  A yaktaur (D:15)
  An efreet (D:15)
  8 komodo dragons
  12 freezing wraiths
  A queen bee (Lair:4)
  7 trolls
  23 merfolk
  2 hornets (D:10)
  A wolf spider simulacrum (IceCv)
  4 wind drakes
  6 polar bears
  6 meliai
  6 dream sheep
  15 blink frogs
  10 hippogriffs
  8 snapping turtles
  Sigmund (D:6)
  8 water elementals
  37 yaks
  A yak (shapeshifter) (D:15)
  7 basilisks
  2 wraiths
  A wyvern (D:9)
  2 hogs (D:14)
  16 humans
  6 steam dragons
  2 hungry ghosts
  3 death yak simulacra
  Edmund (D:4)
  9 wargs
  48 nagas
  2 acid dragons
  2 soldier ants (D:10)
  10 water moccasins
  Duvessa (D:5)
  10 porcupines
  A hornet zombie (D:8)
  22 orc warriors
  14 ice beasts
  3 black bears
  A phantom (D:10)
  6 sky beasts
  11 ogres
  11 centaurs
  3 black mamba simulacra (Lair:6)
  9 wolves (Lair:6)
  11 crocodiles
  A big kobold (D:8)
  19 bullfrogs
  2 spiny frog simulacra (Lair:6)
  5 scorpions
  28 killer bees
  Dowan (D:5)
  An elephant simulacrum (IceCv)
  11 wights
  2 howler monkeys (D:9)
  2 electric eels (Lair:4)
  5 crimson imps
  2 quasits
  2 bullfrog zombies
  3 draconian simulacra (IceCv)
  A wyvern simulacrum (D:13)
  5 centaur zombies
  A lava snake (D:13)
  2 jellies
  4 hounds
  27 orc wizards
  40 orc priests
  2 centaur skeletons (D:12)
  A bullfrog skeleton (D:5)
  Ijyb (D:3)
  Natasha (D:3)
  2 iguanas
  8 worker ants
  A spriggan simulacrum (IceCv)
  10 troll simulacra (IceCv)
  A killer bee zombie (D:9)
  A wolf simulacrum (IceCv)
  A big kobold zombie (Ossuary)
  2 centaur simulacra (IceCv)
  A hound zombie (D:8)
  3 hound skeletons
  7 mummies
  4 gnolls (D:10)
  2 ogre simulacra (IceCv)
  14 adders
  2 naga simulacra (IceCv)
  2 shadow imps
  14 white imps
  An ooze (D:1)
  An adder zombie (D:9)
  2 adder skeletons
  4 worms
  A dart slug (D:1)
  4 leopard geckos
  108 orcs
  8 bats
  8 giant cockroaches
  19 goblins
  14 hobgoblins
  13 jackals
  4 quokkas
  3 ball pythons
  3 frilled lizards
  2 hobgoblin zombies (Ossuary)
  26 kobolds
  A leopard gecko skeleton (D:5)
  A leopard gecko zombie (D:5)
  2 quokka skeletons (D:8)
  8 rats
  2 fungi
  66 plants
  5 tentacles (Shoals:4)
  A withered plant (D:14)
1256 creatures vanquished.

Vanquished Creatures (others)
  A human (D:14)
  A crimson imp (D:14)
  10 fungi
  11 plants
  7 tentacles (Shoals:4)
  A withered plant (D:14)
31 creatures vanquished.

Grand Total: 1287 creatures vanquished

Notes
Turn   | Place    | Note
-------+----------+-------------------------------------------
     0 | D:1      | DerDa the Gargoyle Earth Elementalist began the quest for
                  | the Orb.
     0 | D:1      | Reached XP level 1. HP: 10/10 MP: 3/3
    80 | D:1      | Reached XP level 2. HP: 12/15 MP: 0/5
   103 | D:1      | Reached skill level 4 in Earth Magic
   786 | D:1      | Reached XP level 3. HP: 19/19 MP: 3/6
   791 | D:1      | Learned a level 3 spell: Stone Arrow
   794 | D:1      | Learned a level 2 spell: Passwall
  1597 | D:2      | Found a shimmering altar of Xom.
  1597 | D:2      | Found a shimmering altar of Xom.
  1601 | D:2      | Found a shimmering altar of Xom.
  1753 | D:2      | Reached XP level 4. HP: 24/24 MP: 6/8
  2063 | D:3      | Reached skill level 5 in Earth Magic
  2119 | D:3      | Noticed Ijyb
  2134 | D:3      | Paralysed by Ijyb for 6 turns
  2144 | D:3      | Killed Ijyb
  2144 | D:3      | Reached XP level 5. HP: 20/28 MP: 0/10
  2248 | D:3      | Learned a level 4 spell: Petrify
  2756 | D:3      | Noticed Natasha
  2760 | D:3      | Killed Natasha
  2760 | D:3      | Reached skill level 6 in Earth Magic
  2760 | D:3      | Reached XP level 6. HP: 32/32 MP: 9/12
  3031 | D:4      | Noticed an orc warrior
  3047 | D:4      | Killed an orc warrior
  3263 | D:4      | Found a staircase to the Ecumenical Temple.
  3278 | Temple   | Entered the Ecumenical Temple
  3498 | Temple   | Became a worshipper of Sif Muna the Loreminder
  3794 | D:4      | Reached skill level 1 in Shields
  3794 | D:4      | Reached XP level 7. HP: 37/37 MP: 11/14
  3945 | D:4      | Noticed Edmund
  3952 | D:4      | Killed Edmund
  3952 | D:4      | Reached skill level 1 in Fighting
  3952 | D:4      | Reached skill level 5 in Spellcasting
  3952 | D:4      | Reached skill level 7 in Earth Magic
  3952 | D:4      | Reached skill level 1 in Invocations
  3963 | D:4      | Learned a level 5 spell: Lee's Rapid Deconstruction
  4169 | D:5      | Entered Level 5 of the Dungeon
  4170 | D:5      | Found a sand-covered staircase.
  4175 | Ossuary  | Entered an ossuary
  4439 | D:5      | Found Gatt's Armour Emporium.
  4477 | D:5      | Reached * piety under Sif Muna
  4477 | D:5      | Reached XP level 8. HP: 37/44 MP: 5/16
  4506 | D:5      | Gained mutation: You are weak. (Str -2) [potion of
                  | mutation]
  4506 | D:5      | Gained mutation: You are resistant to hostile enchantments.
                  | (MR+) [potion of mutation]
  4506 | D:5      | Gained mutation: Your body sometimes deteriorates upon
                  | taking damage. [potion of mutation]
  4506 | D:5      | Lost mutation: You are weak. (Str -2) [potion of mutation]
  4564 | D:5      | Lost mutation: You are resistant to hostile enchantments.
                  | (MR+) [potion of mutation]
  4564 | D:5      | Lost mutation: Your body sometimes deteriorates upon taking
                  | damage. [potion of mutation]
  4564 | D:5      | Gained mutation: Your mind is acute. (Int +2) [potion of
                  | mutation]
  4564 | D:5      | Gained mutation: You have a somewhat thin skeletal
                  | structure. (Dex +2, Stealth) [potion of mutation]
  4564 | D:5      | Gained mutation: You have a pair of small horns on your
                  | head. [potion of mutation]
  4990 | D:5      | Found a burning altar of Makhleb.
  5070 | D:5      | Found Bezugre's Magic Scroll Shoppe.
  5076 | D:5      | Bought a scroll of identify for 20 gold pieces
  5076 | D:5      | Bought a scroll of remove curse for 30 gold pieces
  5076 | D:5      | Bought a scroll of identify for 20 gold pieces
  5076 | D:5      | Bought a scroll of identify for 20 gold pieces
  5076 | D:5      | Bought a scroll of identify for 20 gold pieces
  5076 | D:5      | Bought a scroll of amnesia for 35 gold pieces
  5076 | D:5      | Bought a scroll of teleportation for 30 gold pieces
  5076 | D:5      | Bought a scroll of teleportation for 30 gold pieces
  5076 | D:5      | Bought a scroll of immolation for 35 gold pieces
  5125 | D:5      | Noticed Duvessa
  5125 | D:5      | Noticed Dowan
  5133 | D:5      | Killed Dowan
  5154 | D:5      | Killed Duvessa
  5154 | D:5      | Reached skill level 8 in Earth Magic
  5311 | D:5      | Got a crystal hunting sling
  5605 | D:5      | Found Jann's Food Shop.
  5647 | D:5      | Identified the cursed +3 hunting sling "Faulay" {flame,
                  | rPois} (You found it on level 5 of the Dungeon)
  5712 | D:6      | Noticed Sigmund
  5718 | D:6      | Killed Sigmund
  5718 | D:6      | Reached XP level 9. HP: 50/50 MP: 5/18
  5979 | D:6      | Reached ** piety under Sif Muna
  6277 | D:7      | Reached skill level 1 in Transmutations
  6404 | D:7      | Found a blossoming altar of Fedhas.
  6524 | D:7      | Found a glowing golden altar of the Shining One.
  6525 | D:7      | Found a glowing silver altar of Zin.
  6525 | D:7      | Found a hazy altar of Hepliaklqana.
  6525 | D:7      | Found a bloodstained altar of Trog.
  6535 | D:7      | Reached skill level 1 in Conjurations
  6535 | D:7      | Reached skill level 9 in Earth Magic
  6576 | D:7      | Found a sacrificial altar of Ru.
  6576 | D:7      | Found a shadowy altar of Dithmenos.
  7455 | D:8      | Reached *** piety under Sif Muna
  7477 | D:8      | Reached XP level 10. HP: 54/57 MP: 15/20
  7675 | D:8      | Noticed a two-headed ogre
  7678 | D:8      | Killed a two-headed ogre
  7678 | D:8      | Reached skill level 10 in Earth Magic
  8161 | D:8      | Found Nahied's Jewellery Shop.
  8519 | D:5      | Bought a scroll of summoning for 95 gold pieces
  8629 | D:9      | Found a bloodstained altar of Trog.
  8799 | D:9      | Found a staircase to the Orcish Mines.
  8801 | D:9      | Found a hide-covered altar of Uskayaw.
  8821 | D:9      | Reached **** piety under Sif Muna
  9407 | D:9      | Found a roughly hewn altar of Beogh.
  9594 | D:9      | Found a burning altar of Makhleb.
  9606 | D:9      | Reached skill level 5 in Invocations
  9679 | D:9      | Reached skill level 5 in Fighting
  9732 | D:9      | Noticed a white ugly thing
  9737 | D:9      | Killed a white ugly thing
  9852 | D:9      | Reached XP level 11. HP: 54/64 MP: 2/23
 10089 | D:9      | Found a sparkling altar of Nemelex Xobeh.
 10090 | D:9      | Found an opulent altar of Gozag.
 10196 | D:10     | Entered Level 10 of the Dungeon
 10685 | D:10     | Killed an unseen horror
 10685 | D:10     | Reached skill level 11 in Earth Magic
 11330 | D:11     | Found a transporter.
 11333 | D:11     | Noticed a fire giant
 11335 | D:11     | Noticed a centaur warrior
 11335 | D:11     | Noticed a storm dragon
 11365 | D:11     | Found a staircase to the Lair.
 11381 | D:11     | Reached ***** piety under Sif Muna
 11387 | D:11     | Identified Sif Muna's Incunabulum of Excruciating Hexes
                  | (Sif Muna gifted it to you on level 11 of the Dungeon)
 11387 | D:11     | Received a gift from Sif Muna
 11391 | D:11     | Noticed a seven-headed hydra
 11418 | D:11     | Killed a seven-headed hydra
 11547 | D:11     | Found a transporter.
 11579 | D:11     | Learned a level 6 spell: Iron Shot
 11585 | D:11     | Learned a level 5 spell: Irradiate
 11878 | D:11     | You fall into a shaft and drop 3 floors!
 12002 | D:14     | Noticed a cyclops
 12002 | D:14     | Noticed a green ugly thing
 12023 | D:14     | Reached skill level 5 in Dodging
 12036 | D:14     | Noticed Kirke
 12063 | D:14     | Noticed a harpy
 12063 | D:14     | Noticed a harpy
 12270 | D:14     | Noticed a ghoul
 12469 | D:14     | Reached skill level 5 in Conjurations
 12512 | D:14     | Noticed a deep elf mage
 12514 | D:13     | Found a gate to the Vaults.
 12514 | D:13     | Noticed a two-headed ogre
 12514 | D:13     | Noticed an orc knight
 12514 | D:13     | Noticed a centaur warrior
 13318 | D:12     | Noticed a phantasmal warrior
 13601 | D:11     | Reached XP level 12. HP: 70/70 MP: 9/25
 13869 | Lair:1   | Entered Level 1 of the Lair of Beasts
 13890 | Lair:1   | Reached skill level 12 in Earth Magic
 14320 | Lair:1   | Noticed a five-headed hydra
 14334 | Lair:1   | Killed a five-headed hydra
 15212 | Lair:2   | Reached skill level 10 in Spellcasting
 15263 | Lair:2   | Noticed a five-headed hydra
 15265 | Lair:2   | Killed a five-headed hydra
 15482 | Lair:2   | Noticed a seven-headed hydra
 15491 | Lair:2   | Killed a seven-headed hydra
 15584 | Lair:2   | Reached skill level 5 in Transmutations
 15584 | Lair:2   | Reached skill level 13 in Earth Magic
 15585 | Lair:2   | Reached XP level 13. HP: 48/76 MP: 8/27
 16368 | Lair:3   | Identified Sif Muna's Catalogue of the Entourage and Unholy
                  | Rites (Sif Muna gifted it to you on level 3 of the Lair of
                  | Beasts)
 16368 | Lair:3   | Received a gift from Sif Muna
 16377 | Lair:3   | Noticed Nergalle
 16441 | Lair:3   | Killed Nergalle
 18363 | Lair:4   | Reached skill level 14 in Earth Magic
 18600 | Lair:4   | Found a staircase to the Shoals.
 18699 | Lair:4   | Found a staircase to the Snake Pit.
 19245 | Lair:5   | Noticed Nessos
 19548 | Lair:5   | Killed Nessos
 19548 | Lair:5   | Identified Sif Muna's Reference Book on Harmful Earth (Sif
                  | Muna gifted it to you on level 5 of the Lair of Beasts)
 19548 | Lair:5   | Received a gift from Sif Muna
 19548 | Lair:5   | Gained mutation: Your large and strong wings let you fly
                  | indefinitely. [Gargoyle growth]
 19548 | Lair:5   | Reached XP level 14. HP: 60/84 MP: 7/29
 19815 | Lair:5   | Found a staircase to the Slime Pits.
 20687 | Lair:6   | Entered Level 6 of the Lair of Beasts
 20941 | Lair:6   | Found a runed translucent gate.
 21405 | Lair:6   | Found a runed translucent gate.
 21406 | Lair:6   | Found a runed translucent gate.
 21873 | Lair:6   | Reached skill level 15 in Earth Magic
 22615 | Lair:6   | Noticed Fashaeth's ghost (adept VSFi)
 22699 | Lair:6   | Killed Fashaeth's ghost
 23186 | Orc:1    | Entered Level 1 of the Orcish Mines
 23187 | Orc:1    | Reached XP level 15. HP: 91/91 MP: 25/31
 23281 | Orc:1    | Identified Sif Muna's Handbook of the Ghastly Mountains
                  | (Sif Muna gifted it to you on level 1 of the Orcish Mines)
 23281 | Orc:1    | Received a gift from Sif Muna
 23405 | Orc:1    | Learned a level 5 spell: Borgnjor's Vile Clutch
 23421 | Orc:1    | Found a frozen archway.
 23428 | IceCv    | Entered an ice cave
 23934 | IceCv    | Found an ancient bone altar of Kikubaaqudgha.
 24695 | Orc:1    | Found a roughly hewn altar of Beogh.
 24926 | Orc:2    | Entered Level 2 of the Orcish Mines
 24929 | Orc:2    | Found Pesyz's Food Boutique.
 24937 | Orc:2    | Noticed Snorg
 24944 | Orc:2    | Killed Snorg
 25008 | Orc:2    | Identified Sif Muna's Volume of Bewitchment (Sif Muna
                  | gifted it to you on level 2 of the Orcish Mines)
 25008 | Orc:2    | Received a gift from Sif Muna
 25194 | Orc:2    | Reached skill level 10 in Invocations
 25575 | Orc:2    | Bought a ration for 60 gold pieces
 25575 | Orc:2    | Bought a ration for 60 gold pieces
 25575 | Orc:2    | Bought a ration for 60 gold pieces
 25575 | Orc:2    | Bought a ration for 60 gold pieces
 25575 | Orc:2    | Bought a ration for 60 gold pieces
 25575 | Orc:2    | Bought a ration for 60 gold pieces
 25575 | Orc:2    | Bought a ration for 60 gold pieces
 25575 | Orc:2    | Bought a ration for 60 gold pieces
 25575 | Orc:2    | Bought a ration for 60 gold pieces
 25575 | Orc:2    | Bought a ration for 60 gold pieces
 25732 | Orc:2    | Found Fugod's Distillery.
 25732 | Orc:2    | Found Rarphonn's General Store.
 25746 | Orc:2    | Bought a scroll of acquirement for 780 gold pieces
 25748 | Orc:2    | Acquired the amulet "Sebbofupp" {Faith *Slow MP+9 Int+6
                  | Dex+2}
 25816 | Orc:2    | Found Qeqotuh's Magic Scroll Boutique.
 25826 | Orc:2    | Found a staircase to the Elven Halls.
 26043 | Orc:2    | Found Uriceor's Gadget Emporium.
 26089 | Orc:2    | Found Seov Yca's Weapon Shop.
 26145 | Orc:2    | Reached skill level 10 in Fighting
 26255 | Orc:2    | Reached skill level 16 in Earth Magic
 26280 | Orc:2    | Found Selikhuah's Gadget Shop.
 26280 | Orc:2    | Found Noruy's Magic Scroll Emporium.
 26353 | Orc:2    | Found a roughly hewn altar of Beogh.
 26467 | Orc:2    | Found Foog's Distillery.
 27003 | D:12     | Identified Sif Muna's Incunabulum of the World (Sif Muna
                  | gifted it to you on level 12 of the Dungeon)
 27003 | D:12     | Received a gift from Sif Muna
 27495 | D:12     | Found an opulent altar of Gozag.
 27531 | D:12     | Got a scorched long sword
 27531 | D:12     | Identified the cursed +3 long sword "Asaed" {vorpal, Str+7
                  | Int+8} (You found it on level 12 of the Dungeon)
 27542 | D:12     | Reached skill level 1 in Ice Magic
 27889 | D:13     | Noticed a tengu reaver
 28129 | D:13     | Killed a tengu reaver
 28932 | D:14     | Killed a ghoul
 29031 | D:14     | Reached XP level 16. HP: 95/97 MP: 29/33
 29143 | D:14     | Reached skill level 10 in Conjurations
 29143 | D:14     | Reached skill level 5 in Ice Magic
 29167 | D:14     | Killed Kirke
 29167 | D:14     | Received a gift from Sif Muna
 29192 | D:14     | Gained mutation: You are weak. (Str -2) [mutagenic glow]
 29352 | D:14     | Found Dyezaen's Magic Scroll Boutique.
 30055 | D:15     | Entered Level 15 of the Dungeon
 30422 | D:15     | Got a brightly glowing scale mail
 30888 | D:15     | Identified the +3 scale mail of Foolhardiness {rF+} (You
                  | found it on level 15 of the Dungeon)
 30895 | D:15     | Got a crystal rapier
 31035 | D:15     | Found a staircase to the Depths.
 31060 | D:15     | Identified the +8 rapier "Topsosea" {speed, rF+ rC+} (You
                  | found it on level 15 of the Dungeon)
 31602 | Snake:1  | Entered Level 1 of the Snake Pit
 31722 | Snake:1  | Noticed Aizul
 31854 | Lair:4   | Killed Aizul
 31998 | Snake:1  | Reached skill level 17 in Earth Magic
 32249 | Snake:1  | Learned a level 6 spell: Ozocubu's Refrigeration
 32768 | Snake:1  | Identified Sif Muna's Incunabulum of Blows and Bruises (Sif
                  | Muna gifted it to you on level 1 of the Snake Pit)
 32768 | Snake:1  | Received a gift from Sif Muna
 33151 | Snake:2  | Found a runed translucent door.
 33152 | Snake:2  | Found a shimmering altar of Xom.
 33152 | Snake:2  | Noticed harlaan's ghost (adept DESu)
 33152 | Snake:2  | Identified the +11 war axe of the Jumping Augurer {chaos,
                  | *Contam +Blink rF+ rC++}
 33455 | Snake:2  | Reached XP level 17. HP: 82/102 MP: 20/34
 34394 | Snake:3  | Noticed Saint Roka
 34405 | Snake:3  | Killed Saint Roka
 34736 | Snake:3  | Reached skill level 10 in Ice Magic
 34877 | Snake:3  | Identified Sif Muna's Almanac of the Slorg (Sif Muna gifted
                  | it to you on level 3 of the Snake Pit)
 34877 | Snake:3  | Received a gift from Sif Muna
 35186 | Snake:3  | Found Cecosyt's Armour Boutique.
 35190 | Snake:3  | Found Imepon's Jewellery Shop.
 35686 | Snake:4  | Entered Level 4 of the Snake Pit
 36098 | Snake:4  | Reached skill level 18 in Earth Magic
 36216 | Snake:4  | Reached XP level 18. HP: 99/107 MP: 8/36
 36285 | Snake:4  | Learned a level 9 spell: Shatter
 36449 | Snake:4  | Identified Vodam's Almanac of Hurtful Translocation (Sif
                  | Muna gifted it to you on level 4 of the Snake Pit)
 36449 | Snake:4  | Received a gift from Sif Muna
 36576 | Snake:4  | Got a serpentine rune of Zot
 37696 | Snake:2  | Killed harlaan's ghost
 37965 | Shoals:1 | Entered Level 1 of the Shoals
 38259 | Shoals:1 | Reached skill level 15 in Spellcasting
 38648 | Shoals:1 | Identified Sif Muna's Guide on Curses and Summoning (Sif
                  | Muna gifted it to you on level 1 of the Shoals)
 38648 | Shoals:1 | Received a gift from Sif Muna
 39025 | Shoals:1 | Identified the cursed +1 scale mail of Pagom {Dex+2} (You
                  | found it on level 1 of the Shoals)
 39285 | Shoals:2 | Noticed Ilsuiw
 39290 | Shoals:2 | Killed Ilsuiw
 40025 | Shoals:3 | Noticed Donald
 40031 | Shoals:3 | Reached skill level 19 in Earth Magic
 40035 | Shoals:3 | Killed Donald
 40035 | Shoals:3 | Reached skill level 10 in Dodging
 40388 | Shoals:3 | Reached XP level 19. HP: 96/112 MP: 38/38
 40453 | Shoals:3 | Identified Sif Muna's Grimoire of Unstable Unholy Magic
                  | (Sif Muna gifted it to you on level 3 of the Shoals)
 40453 | Shoals:3 | Received a gift from Sif Muna
 41037 | Shoals:3 | Found Iptiso's Food Boutique.
 41047 | Shoals:3 | Bought a ration for 50 gold pieces
 41047 | Shoals:3 | Bought a ration for 50 gold pieces
 41047 | Shoals:3 | Bought a ration for 50 gold pieces
 41047 | Shoals:3 | Bought a ration for 50 gold pieces
 41047 | Shoals:3 | Bought a ration for 50 gold pieces
 41047 | Shoals:3 | Bought a ration for 50 gold pieces
 41047 | Shoals:3 | Bought a ration for 50 gold pieces
 41047 | Shoals:3 | Bought a ration for 50 gold pieces
 41047 | Shoals:3 | Bought a ration for 50 gold pieces
 41285 | Shoals:4 | Entered Level 4 of the Shoals
 41608 | Shoals:4 | Slain by an alligator snapping turtle

Illustrated notes

Levels and vault maps discovered:
D:1:      noname_arrival_rooms_in_the_neighbourhood, layout_basic
D:2:      layout_basic, xom_redecorated
D:3:      cheibrodos_greedy_goblins, layout_rooms, uniq_ijyb, uniq_natasha
D:4:      layout_loops_corners, minmay_temple_entry_slanted, first_ration,
          uniq_edmund
D:5:      minmay_diamond_boxcup, layout_basic, serial_shops,
          nicolae_shop_temple_entry_statues_fountains,
          nicolae_shop_behind_doors, shop_fountains,
          lightli_ossuary_entry_decrepit_ruins, basic_altar, uniq_duvessa
D:6:      layout_basic, uniq_sigmund
D:7:      corexii_shack_village, layout_loops_ring, lemuel_round_altar,
          minmay_overflow_temple_hex
D:8:      layout_loops_ring, serial_shops, nicolae_shop_stone
D:9:      kennysheep_windowed_halls, layout_rooms,
          grunt_temple_overflow_opulence, lightli_temple_of_fire,
          eat_drink_and_be_merry_uskayaw, minmay_orc_entry_temple_small,
          serial_co_window_serial, co_window_corner_a, co_window_cross_1,
          co_window_paths_a, co_window_of_opportunity_a, co_window_paths_a,
          co_window_of_opportunity_a, co_window_paths_b,
          co_window_unsneaky_path_e, co_window_corner_cb, co_window_corner_ca,
          co_window_of_opportunity_b, co_window_of_opportunity_b,
          co_window_corner_cb, co_window_paths_e, glass_columns_a,
          glass_columns_a, glass_columns_b, glass_columns_a, glass_columns_b,
          trog_book
D:10:     layout_loops_ring, hangedman_pestilent_swarm
D:11:     gammafunk_sealed_arena, layout_basic, david_lair_generic,
          serial_curves, eino_curves_02, eino_curves_04
D:12:     layout_stronghold, chequers_decorated_corner, serial_park_tiny_1,
          lemuel_tele_altar
D:13:     layout_long_grid, david_vaults_3, kennysheep_island_fort
D:14:     layout_layer_cave, serial_undead, serial_undead_e, serial_undead_c,
          serial_undead_e, serial_undead_c, minmay_staircase_windowed_small,
          serial_shops, shop, minmay_misc_feat_diagonals, hangedman_decor_push,
          minmay_liquid_box, uniq_kirke
D:15:     grunt_enter_depths_snipers, layout_basic, minmay_hedge_maze,
          statue_in_the_mist_lemuel, minmay_lindwurm_lava
Temple:   minmay_temple_curvy_loop
Lair:1:   layout_cave_pods
Lair:2:   layout_roguey, bobbens_dragon_lair_wall, lemuel_fruit_tree
Lair:3:   layout_regular_city, minmay_lair_oklob_chamber, uniq_nergalle
Lair:4:   layout_roguey [special_room_bee], shoals_dummy_entry,
          minmay_snake_entry_guardpost_small, infiniplex_staircase_pool,
          grunt_megastairs_3, serial_bayou_shore_a
Lair:5:   layout_regular_city, slime_dummy, ice2_lemuel, uniq_nessos
Lair:6:   grunt_lair_end_beastmaster, layout_hall_layers, gammafunk_ghost_icy,
          infiniplex_staircase_pool_2
Shoals:1: layout_shoals
Shoals:2: layout_shoals, uniq_ilsuiw
Shoals:3: layout_shoals, serial_shops, shop, uniq_donald
Shoals:4: shoals_end_grunt_ice, layout_shoals, yaktaur_hedge
Snake:1:  layout_rooms, uniq_aizul
Snake:2:  layout_gridlike, ebering_ghost_xom
Snake:3:  cheibrodos_forgotten_conduit, layout_onion_interference,
          minmay_shoptagon, uniq_saint_roka
Snake:4:  grunt_snake_rune_pools, layout_cave_town
Orc:1:    layout_diamond_mine, basic_altar, portal_ice_cave_rime,
          lightli_orcish_oven
Orc:2:    st_orc_town, layout_caves, serial_shops, shop, shop, shop, shop,
          shop_fountains, uniq_snorg

Skill      XL: |  1  2  3  4  5  6  7  8  9 10 11 12 13 14 15 16 17 18 19 |
---------------+----------------------------------------------------------+-----
Earth Magic    | 4 5 6 7 8 9 10 11 13 14 15 16 17 18 19 | 19.2
Spellcasting   | 3 4 5 6 7 8 9 10 11 12 13 14 15 | 15.4
Shields        | 1 2 4 |  4.0
Fighting       | 1 3 4 5 6 7 8 9 10 | 10.0
Invocations    | 1 3 4 5 6 7 8 9 10 11 12 | 12.7
Dodging        | 2 3 4 5 6 7 8 9 10 | 10.1
Transmutations | 1 3 4 5 |  5.0
Conjurations   | 2 3 5 6 7 8 9 10 11 12 | 12.2
Ice Magic      | 4 8 11 13 14 | 14.1
Stealth        | |  2.2

Action                   |  1- 3 |  4- 6 |  7- 9 | 10-12 | 13-15 | 16-18 | 19-21 || total
-------------------------+-------+-------+-------+-------+-------+-------+-------++-------
Melee: Unarmed           |     1 |       |       |       |       |       |       ||     1
       Whip              |    28 |    11 |     4 |       |       |       |       ||    43
       Flail             |       |       |    16 |    66 |       |       |       ||    82
       Headbutt          |       |       |     1 |     8 |   105 |    69 |     1 ||   184
       War axe           |       |       |       |    23 |   362 |       |       ||   385
       Long sword        |       |       |       |       |    64 |   206 |     1 ||   271
Throw: Stone             |       |       |       |       |     2 |       |       ||     2
 Cast: Sandblast         |    56 |    81 |   126 |   134 |   101 |    61 |     4 ||   563
       Lee's Rapid Decon |       |       |    19 |   104 |   198 |    37 |       ||   358
       Stone Arrow       |       |       |     5 |    33 |    93 |     5 |       ||   136
       Iron Shot         |       |       |       |     2 |    51 |   123 |    26 ||   202
       Irradiate         |       |       |       |       |    17 |    15 |     2 ||    34
       Petrify           |       |       |       |       |     4 |       |       ||     4
       Borgnjor's Vile C |       |       |       |       |     4 |    14 |     4 ||    22
       Ozocubu's Refrige |       |       |       |       |       |    97 |    16 ||   113
Invok: Channel Magic     |       |       |     1 |     1 |     9 |     7 |     2 ||    20
 Abil: Evoke Flight      |       |       |       |       |     1 |       |       ||     1
       Fly               |       |       |       |       |     2 |     2 |       ||     4
       Stop Flying       |       |       |       |       |     2 |     1 |     1 ||     4
  Use: Scroll            |       |       |    20 |    10 |     5 |     6 |       ||    41
       Potion            |       |       |     5 |       |     2 |       |       ||     7
 Stab: Sleeping          |     2 |       |     1 |     3 |     1 |     1 |       ||     8
       Petrified         |       |       |       |       |     6 |       |       ||     6
       Distracted        |       |       |       |       |     1 |     1 |       ||     2
  Eat: Chunk             |     3 |     6 |    14 |    29 |    52 |    31 |     4 ||   139
       Ration            |       |       |       |     4 |     4 |     2 |       ||    10
Armor: Robe              |    17 |    20 |    24 |    71 |   233 |   121 |    11 ||   497
Dodge: Dodged            |    36 |    23 |    31 |   127 |   551 |   320 |    27 ||  1115
Block: Buckler           |       |       |     7 |    43 |   192 |   149 |    17 ||   408
       Rpst.: Long sword |       |       |       |       |    15 |    68 |     2 ||    85
